 Seeded DCSS version 0.30-a0-1075-gcd70e7a56d (webtiles) character file.

Game seed: 15754142637805177498 (custom seed)

264 Pimp the Ducker (level 6, 0/48 HPs)
             Began as a Merfolk Gladiator on Apr 14, 2023.
             Succumbed to a gnoll's poison
             ... on level 3 of the Dungeon.
             The game lasted 00:04:27 (2155 turns).

Pimp the Ducker (Merfolk Gladiator)                 Turns: 2155, Time: 00:04:28

Health: 0/48       AC: 15    Str: 16    XL:     6   Next: 19%
Magic:  6/6        EV:  9    Int:  7    God:
Gold:   729        SH:  0    Dex: 16    Spells: 5/5 levels left

rFire   . . .      SeeInvis .    a - +0 trident
rCold   . . .      Faith    .    (no shield)
rNeg    . . .      Spirit   .    n - +0 chain mail
rPois   .          Reflect  .    c - +1 helmet
rElec   .          Rampage  .    h - +2 cloak
rCorr   .                        l - +0 pair of gloves
Will    .....                    p - +0 pair of boots Stlth
                                 (no amulet)
HPRegen 0.28/turn                (no ring)
MPRegen 0.10/turn                (no ring)

@: brilliant, lethally poisoned (0 -> -4)
A: (nimble swimmer 2), mertail
a: no special abilities


You were on level 3 of the Dungeon.
You visited 1 branch of the dungeon, and saw 3 of its levels.

You collected 729 gold pieces.

Inventory:

Hand Weapons
 a - a +0 trident (weapon)
Missiles
 d - 3 throwing nets (quivered)
 e - a javelin
Armour
 b - a +0 leather armour
 c - a +1 helmet (worn)
 h - a +2 cloak (worn)
 l - a +0 pair of gloves (worn)
 n - a +0 chain mail (worn)
 p - a +0 pair of boots (worn)
Scrolls
 g - 2 scrolls of identify


   Skills:
 + Level 3.9 Fighting
 + Level 5.5 Polearms
 + Level 3.6 Throwing
 + Level 5.6 Dodging


You had 5 spell levels left.
You didn't know any spells.
Your spell library contained the following spells:

 Spells                   Type           Power      Damage    Failure   Level
 Beastly Appendage        Tmut           0%         N/A       100%        1
 Wereblood                Tmut           0%         N/A       100%        2
 Spider Form              Tmut/Pois      0%         N/A       100%        3


Dungeon Overview and Level Annotations

Branches:
Dungeon (3/15)

Altars:
Okawaru
Sif Muna


Innate Abilities, Weirdness & Mutations

((You are very nimble when in or above water. (Stealth+, EV+, Speed+++)))
Your lower body shifts to a powerful aquatic tail in water.


Message History

You barely miss the gnoll.
The gnoll is lightly wounded.
You feel sick. The gnoll closely misses you.
You hit the gnoll.
The gnoll is moderately wounded.
You feel sick.
The gnoll hits you with a +0 spear of venom.
You are more poisoned.
You hit the gnoll.
The gnoll is heavily wounded.
You feel very sick. The gnoll hits you but does no damage.
You are more poisoned.
You puncture the gnoll!
You kill the gnoll!
You feel very sick.
You closely miss the gnoll.
You feel very sick. The gnoll hits you with a +0 flail.
You barely miss the gnoll.
* * * LOW HITPOINT WARNING * * *
You feel very sick. The gnoll closely misses you. x2
You hit the gnoll.
The gnoll is moderately wounded.
* * * LOW HITPOINT WARNING * * *
You feel very sick. The gnoll hits you but does no damage.
You hit the gnoll.
The gnoll is severely wounded.
You feel sick. The gnoll hits you with a +0 flail.
* * * LOW HITPOINT WARNING * * *
You barely miss the gnoll.
The gnoll is severely wounded.
* * * LOW HITPOINT WARNING * * *
You feel sick. The gnoll hits you but does no damage.
Unknown command.
You hit the gnoll but do no damage.
The gnoll is severely wounded.
You die...

#+#
#.###########.#
#.#...gg@.>...#
##.#.###########
##....#
.######...g.#
...)........#
.######.#.#.#
#.#.#.# #.....#
###.###


You could see 2 gnolls.

Vanquished Creatures
  Sigmund (D:3)
  2 gnolls (D:3)
  An adder (D:2)
  2 worms (D:2)
  A dart slug (D:2)
  An orc (D:3)
  4 bats
  5 endoplasms
  2 giant cockroaches
  4 goblins
  5 hobgoblins
  4 quokkas
  6 ball pythons
  4 frilled lizards
  5 kobolds
  4 rats
51 creatures vanquished.

Notes
Turn   | Place    | Note
-------+----------+-------------------------------------------
     0 | D:1      | Pimp the Merfolk Gladiator began the quest for the Orb.
     0 | D:1      | Reached XP level 1. HP: 16/16 MP: 1/1
   167 | D:1      | Reached XP level 2. HP: 21/23 MP: 2/2
   435 | D:1      | Reached XP level 3. HP: 28/28 MP: 3/3
  1199 | D:2      | Reached XP level 4. HP: 34/34 MP: 4/4
  1446 | D:3      | Noticed Sigmund
  1501 | D:3      | Killed Sigmund
  1502 | D:3      | Reached skill level 5 in Polearms
  1502 | D:3      | Reached skill level 5 in Dodging
  1502 | D:3      | Reached XP level 5. HP: 40/42 MP: 5/5
  1502 | D:3      | Reached XP level 6. HP: 46/48 MP: 6/6
  1754 | D:3      | Found a shimmering blue altar of Sif Muna.
  1846 | D:3      | Found an iron altar of Okawaru.
  1929 | D:3      | Found a faded altar of an unknown god.
  2084 | D:3      | Identified the +1 helmet "Hudih" {+Blink Str+3 Int-4}
  2106 | D:3      | Identified a scroll of acquirement
  2106 | D:3      | Acquired 565 gold pieces
  2153 | D:3      | HP: 1/48 [gnoll/+0 flail (6)]
  2155 | D:3      | Succumbed to a gnoll's poison

Illustrated notes

Levels and vault maps discovered:
D:1:      tarquinn_simple_flora_water_f, layout_rooms, minmay_distorted
D:2:      layout_basic, st_stairs_5
D:3:      layout_loops_corners, kennysheep_okawaru_gauntlet,
          mainiacjoe_overflow_catwalk, ebering_ecumenical_altar_box,
          uniq_sigmund, uniq_grinder

Skill      XL: |  1  2  3  4 |
---------------+-------------+-----
Fighting       | 3 |  3.9
Polearms       | 5 |  5.5
Throwing       | 3 |  3.6
Dodging        | 5 |  5.6

Action                     |  1- 3 |  4- 6 || total
---------------------------+-------+-------++-------
  Melee: Trident           |   111 |    67 ||   178
         Punch             |     3 |       ||     3
    Use: Potion            |       |     8 ||     8
         Scroll            |       |     8 ||     8
   Stab: Sleeping          |     1 |       ||     1
 Armour: Leather armour    |    38 |       ||    38
         Chain mail        |    17 |    34 ||    51
  Dodge: Dodged            |   106 |    33 ||   139

Table legend: (Time is in decaauts)
 A = Elapsed time spent in this place.
 B = Non-inter-level travel time spent in this place.
 C = Inter-level travel time spent in this place.
 D = Time resting spent in this place.
 E = Time spent auto-exploring this place.
 F = Levels seen in this place.
 G = Mean time per level.
                   A        B        C        D        E       F      G
               +--------+--------+--------+--------+--------+-----+--------+
         Total |   2165 |   2023 |    142 |     99 |   1342 |   3 |  721.7 |
       Dungeon |   2165 |   2023 |    142 |     99 |   1342 |   3 |  721.7 |
               +--------+--------+--------+--------+--------+-----+--------+

Top non-repeatable levels by time:
     D:2: 791 daAuts
     D:3: 745 daAuts
     D:1: 628 daAuts
